 Dungeon Crawl Stone Soup version 0.17-a0-1946-gfb768fe (webtiles) character file.

51 HungrySpirit the Changer (level 3, 0/28 HPs)
             Began as a Draconian Transmuter on Oct 1, 2015.
             Slain by an adder (1 damage)
             ... on level 2 of the Dungeon.
             The game lasted 00:02:37 (1426 turns).

HungrySpirit the Changer (Draconian Transmuter)     Turns: 1426, Time: 00:02:37

Health: 0/28       AC:  5    Str: 14    XL:     3   Next: 58%
Magic:  6/6        EV: 12    Int: 17    God:
Gold:   24         SH:  0    Dex: 11    Spells: 2 memorised, 3 levels left

rFire  . . .     SeeInvis .       - Unarmed
rCold  . . .     Clarity  .     (armour unavailable)
rNeg   . . .     SustAt   .     (no shield)
rPois  .         Gourm    .     (helmet restricted)
rElec  .         Spirit   .     (no cloak)
rCorr  .         Warding  .     (no gloves)
rMut   .         Stasis   .     (no boots)
MR     .....                    (no amulet)
Stlth  +.........               (no ring)
                                (no ring)

@: brilliant, lethally poisoned (0 -> -2), appendage (expiring), not resistant
to hostile enchantments, very unstealthy
A: unfitting armour, horns 2, stinger 1, dopey 1, strong 1, cold-blooded, AC +5
a: End Transformation


You were on level 2 of the Dungeon.
You were very hungry.
You had grown temporary horns.
You visited 1 branch of the dungeon, and saw 2 of its levels.

You collected 24 gold pieces.

Inventory:

Missiles
 a - 35 arrows
Scrolls
 e - 2 scrolls of remove curse {unknown}
 f - a scroll of fear {unknown}
 i - a scroll of identify {unknown}
 j - a scroll of noise {unknown}
Books
 b - a book of Changes

   Spells                             Type                      Level
   a - Beastly Appendage              Transmutation                1
   b - Sticks to Snakes               Transmutation                2
   c - Spider Form                    Transmutation/Poison         3
   d - Ice Form                       Ice/Transmutation            4
   e - Blade Hands                    Transmutation                5
Comestibles
 c - 2 bread rations
 g - a meat ration


   Skills:
 - Level 1.1 Fighting
 - Level 1.7 Dodging
 + Level 3.2 Unarmed Combat
 + Level 2.4 Spellcasting
 * Level 3.4 Transmutations


You had 3 spell levels left.
You knew the following spells:

 Your Spells              Type           Power        Failure   Level  Hunger
a - Beastly Appendage     Trmt           ###...       1%          1    #......
b - Sticks to Snakes      Trmt           ###.......   1%          2    ##.....


Dungeon Overview and Level Annotations

Branches:
Dungeon (2/15)

Altars:


Innate Abilities, Weirdness & Mutations

Your plain brown scales are hard (AC +5).
Your body does not fit into most forms of armour.
You are cold-blooded and may be slowed by cold attacks.
You have a pair of horns on your head.
Your tail ends in a poisonous barb.
You are dopey. (Int -2)
Your muscles are strong. (Str +2)


Message History

You feel sick. The adder completely misses you.
Drink which item? (? for menu, Esc to quit)
It was a potion of mutation.
You feel extremely strange.
A poisonous barb forms on the end of your tail.
You feel stronger.
You feel stupid.
Your transformation is almost over.
The adder misses you.
A bat comes into view.
You are feeling very hungry.
You miss the adder.
The adder is severely wounded.
The adder barely misses you. The adder misses you.
You miss the adder.
The adder is severely wounded.
* * * LOW HITPOINT WARNING * * *
You feel sick. The bat misses you. The adder bites you but does no damage.
You closely miss the adder. Your headbutt misses the adder.
The adder is severely wounded.
The adder bites you.
You die...

#.#########.#.###..#
#.# ##.## #..# #.#
### #..# #.# #...
#.# #... ######.##
##.. .........####
#.# #####.###S..#
... ####. #@#)..#
##.. .....###†# #.#
#.. ##..†)## # #..
#.#†...!# ..##..##
#... ..hh .... #.##.
##.#. .. .. # #.#
.## #


You could see an adder.

Vanquished Creatures
  An adder (D:2)
  A worm (D:2)
  A ball python (D:2)
  4 giant cockroaches (D:1)
  3 goblins (D:1)
  3 hobgoblins
  9 kobolds
  9 bats
  7 jackals (D:2)
  2 rats (D:1)
40 creatures vanquished.

Notes
Turn   | Place    | Note
--------------------------------------------------------------
     0 | D:1      | HungrySpirit the Draconian Transmuter began the quest for the Orb.
     0 | D:1      | Reached XP level 1. HP: 16/16 MP: 3/3
   358 | D:1      | Reached XP level 2. HP: 23/23 MP: 5/5
   362 | D:1      | Learned a level 2 spell: Sticks to Snakes
   997 | D:2      | Reached XP level 3. HP: 19/28 MP: 6/6
  1423 | D:2      | Gained mutation: Your tail ends in a poisonous barb. [potion of mutation]
  1423 | D:2      | Gained mutation: Your muscles are strong. (Str +2) [potion of mutation]
  1423 | D:2      | Gained mutation: You are dopey. (Int -2) [potion of mutation]
  1425 | D:2      | HP: 1/28 [poisoned by an adder]
  1426 | D:2      | Slain by an adder

Vault maps used:
D:1:      erik_arrival_blinker_ship, serial_bayou_lagoon_b

Action                   || total
-------------------------++-------
Melee: Unarmed           ||   177
 Cast: Beastly Appendage ||     4
  Use: Potion            ||     2
  Eat: Chunk             ||     1
